 Dungeon Crawl Stone Soup version 0.26-a0-40-gfe7b5d5a6f (webtiles) character file.

Game seed: 15212925118643707576, levelgen mode: classic

91 EnegeticOcto the Skirmisher (level 4, -12/38 HPs)
             Began as a Barachi Fighter on May 31, 2020.
             Mangled by a gnoll
             ... wielding a +1 whip of electrocution
              (20 damage)
             ... on level 2 of the Dungeon.
             The game lasted 00:02:23 (1669 turns).

EnegeticOcto the Skirmisher (Barachi Fighter)       Turns: 1669, Time: 00:02:24

Health: -12/38     AC:  9    Str: 18    XL:     4   Next: 57%
Magic:  4/4        EV:  5    Int:  8    God:
Gold:   131        SH: 10    Dex: 12    Spells: 3/3 levels left

rFire    . . .     SeeInvis .   a - +0 war axe
rCold    . . .     Gourm    .   c - +1 kite shield
rNeg     . . .     Faith    .   g - +0 chain mail
rPois    .         Spirit   .   (no helmet)
rElec    .         Reflect  .   (no cloak)
rCorr    .         Harm     .   (no gloves)
MR       .....                  (no boots)
Stlth    ..........             (no amulet)
HPRegen  0.12/turn              (no ring)
MPRegen  0.09/turn              (no ring)

@: slow
A: +LOS, swims, slowness 1, strong legs 1
a: Hop


You were on level 2 of the Dungeon.
You were not hungry.

You visited 1 branch of the dungeon, and saw 2 of its levels.

You collected 131 gold pieces.

Inventory:

Hand Weapons
 a - a +0 war axe (weapon)
Armour
 c - a +1 kite shield (worn)
 g - a +0 chain mail (worn)
Scrolls
 f - 2 scrolls of identify {@r1}
Potions
 l - a potion of stabbing {@q5 !q}
Comestibles
 b - 5 chunks of flesh
 e - 4 rations


   Skills:
 * Level 4.8 Fighting
 * Level 3.4 Axes
 - Level 3.8 Armour
 - Level 0.7 Dodging
 + Level 3.7 Shields


You had 3 spell levels left.
You didn't know any spells.
Your spell library was empty.

Dungeon Overview and Level Annotations

Branches:
Dungeon (2/15)

Altars:


Innate Abilities, Weirdness & Mutations

You can be seen from farther away. (+LOS)
You can swim through water.
You cover ground slowly.
You can hop short distances.


Message History

You see here a hand axe.
A gnoll comes into view. It is wielding a -3 spear.
A gnoll is nearby!
The gnoll completely misses you.
You closely miss the gnoll. The gnoll hits you but does no damage.
Your chain mail prevents you from hitting the gnoll.
The gnoll hits you but does no damage. x2
Your shield and chain mail prevent you from hitting the gnoll.
The gnoll hits you with a cursed -3 spear.
You closely miss the gnoll. You block the gnoll's attack.
The gnoll hits you with a cursed -3 spear.
You slash the gnoll!
You kill the gnoll!
No target in view!
A frilled lizard comes into view.
A frilled lizard is nearby!
A gnoll comes into view.
It is wielding a +1 whip of electrocution.
The frilled lizard hisses angrily.
The gnoll shouts!
A gnoll comes into view.
You block the frilled lizard's attack.
Things that are here:
a cursed -3 spear; a gnoll corpse You miss the frilled lizard.
The gnoll shouts!
You hear a shout!
A gnoll comes into view. It is wielding a +0 whip.
The frilled lizard bites you but does no damage.
You closely miss the frilled lizard. You block the frilled lizard's attack.
You barely miss the frilled lizard.
The frilled lizard bites you but does no damage.
The frilled lizard barely misses you.
You miss the frilled lizard.
The frilled lizard bites you but does no damage.
You miss the frilled lizard.
A goblin comes into view. It is wielding a +0 dagger.
You block the frilled lizard's attack.
You miss the frilled lizard.
The goblin shouts!
The frilled lizard bites you but does no damage.
The frilled lizard completely misses you.
You closely miss the frilled lizard.
The frilled lizard bites you but does no damage.
There are monsters nearby!
You barely miss the frilled lizard. The frilled lizard barely misses you.
The frilled lizard bites you.
You completely miss the frilled lizard. You block the frilled lizard's attack.
You closely miss the frilled lizard. You block the frilled lizard's attack.
Press: ? - help, v - describe, . - travel
Here: a gnoll, wielding a +1 whip of electrocution The floor.
Unknown command.
Okay, then.
As you read the scroll labeled BOACIU HIUPNA, it crumbles to dust.
You feel blessed for a moment.
It was a scroll of remove curse.
The frilled lizard bites you but does no damage.
As you read the scroll labeled OKHLENL GYEHEDE, it crumbles to dust.
It is a scroll of amnesia.
You feel forgetful for a moment. You block the frilled lizard's attack.
As you read the scroll labeled FUORGH XAHYE, it crumbles to dust.
It is a scroll of enchant armour.
Your +0 kite shield glows green for a moment.
You block the frilled lizard's attack.
You hit the frilled lizard.
The frilled lizard is heavily wounded.
You block the frilled lizard's attack. The frilled lizard barely misses you.
You hit the frilled lizard.
You kill the frilled lizard!
You slash the gnoll!
The gnoll is severely wounded.
You block the gnoll's attack.
The gnoll hits you with a +1 whip of electrocution.
You barely miss the gnoll.
The gnoll is severely wounded.
The gnoll hits you but does no damage.
You are electrocuted!!
Ouch! That really hurt!
You hit the gnoll.
The gnoll is severely wounded.
You block the gnoll's attack. The gnoll barely misses you.
Your shield and chain mail prevent you from hitting the gnoll.
The gnoll is severely wounded.
You block the gnoll's attack.
Your shield and chain mail prevent you from hitting the gnoll.
The gnoll is severely wounded.
You block the gnoll's attack.
The gnoll hits you with a +1 whip of electrocution.
* * * LOW HITPOINT WARNING * * *
You hit the gnoll.
The gnoll is severely wounded.
You block the gnoll's attack.
Your shield and chain mail prevent you from hitting the gnoll.
The gnoll is severely wounded.
The gnoll hits you with a +1 whip of electrocution.
* * * LOW HITPOINT WARNING * * *
You hit the gnoll but do no damage.
The gnoll is severely wounded.
The gnoll barely misses you. The gnoll hits you but does no damage.
You closely miss the gnoll.
The gnoll is severely wounded.
The gnoll hits you but does no damage.
You are electrocuted!!
Ouch! That really hurt!
You die...

#.# #.######
#.##### #.#
#.....# #.#
#.###.# #.#
#.###.###### #.#
#..........# #.#
#####.####.###
##.#.####g..#
#.....@ggg..#
##.#.####.$.....
#.#.# #####. #
#.# #.# #.# #.#
#.# ..


You could see 3 gnolls and a goblin.

Vanquished Creatures
  3 adders (D:2)
  A gnoll (D:2)
  An ooze (D:1)
  An adder skeleton (D:2)
  2 leopard geckos (D:1)
  4 giant cockroaches
  5 hobgoblins
  A quokka (D:2)
  2 ball pythons (D:2)
  6 bats
  3 frilled lizards
  5 goblins
  6 kobolds
  5 rats (D:1)
45 creatures vanquished.

Notes
Turn   | Place    | Note
-------+----------+-------------------------------------------
     0 | D:1      | EnegeticOcto the Barachi Fighter began the quest for the
                  | Orb.
     0 | D:1      | Reached XP level 1. HP: 18/18 MP: 1/1
   213 | D:1      | Reached XP level 2. HP: 25/25 MP: 2/2
   362 | D:1      | Reached skill level 4 in Fighting
   532 | D:1      | Reached XP level 3. HP: 30/30 MP: 3/3
   983 | D:2      | Reached skill level 3 in Axes
  1073 | D:2      | Reached XP level 4. HP: 11/38 MP: 4/4
  1669 | D:2      | Mangled by a gnoll

Illustrated notes

Levels and vault maps discovered:
D:1:      lightli_iron_boxes, layout_loops_ring, hangedman_feature_mirror
D:2:      layout_loops_ring, first_ration

Skill      XL: |  1  2  3 |
---------------+----------+-----
Fighting       | 4 |  4.8
Axes           | 3 |  3.4
Armour         | |  3.8
Dodging        | |  0.7
Shields        | |  3.7

Action                   |  1- 3 |  4- 6 || total
-------------------------+-------+-------++-------
Melee: War axe           |   119 |    44 ||   163
 Abil: Hop               |     1 |       ||     1
  Use: Scroll            |     2 |     3 ||     5
       Potion            |     2 |       ||     2
  Eat: Chunk             |     1 |     2 ||     3
Armor: Scale mail        |    25 |       ||    25
       Chain mail        |    39 |    26 ||    65
Dodge: Dodged            |    31 |     8 ||    39
Block: Kite shield       |    59 |    22 ||    81

Table legend:
 A = Non-vault XP
 B = Vault XP
 C = Vault XP percentage of total XP
 D = Non-vault monster count
 E = Vault monster count
 F = Vault count percentage of total count
                 A         B        C        D         E       F
            +---------+---------+-------+---------+---------+-------
      Total |     126 |       4 |   3.1 |      43 |       2 |   4.4
            +---------+---------+-------+---------+---------+-------
        D:1 |      47 |       4 |   7.8 |      26 |       2 |   7.1
        D:2 |      79 |       0 |   0.0 |      17 |       0 |   0.0
            +---------+---------+-------+---------+---------+-------
